 Dungeon Crawl Stone Soup version 0.17-a0-776-gd86b262 (webtiles) character file.

3178 Zwobot the Destroyer (level 9, 0/55 HPs)
             Began as an Octopode Conjurer on Apr 24, 2015.
             Was a Priest of Vehumet.
             Slain by a hill giant
             ... wielding a +0 giant club
              (34 damage)
             ... on level 7 of the Dungeon.
             The game lasted 00:46:13 (11073 turns).

Zwobot the Destroyer (Octopode Conjurer)           Turns: 11073, Time: 00:46:14

Health: 0/55       AC:  1    Str:  7    XL:     9   Next: 95%
Magic:  3/18       EV: 14    Int: 25    God:    Vehumet [***...]
Gold:   331        SH:  0    Dex: 13    Spells: 5 memorised, 6 levels left

rFire  . . .     SeeInvis .     A - +3 spear (pierce)
rCold  + . .     Clarity  .     (no shield)
rNeg   . . .     SustAb   .     (helmet restricted)
rPois  .         Gourm    .     (no amulet)
rElec  .         Spirit   .     B - +5 ring of intelligence
rCorr  .         Warding  .     M - ring of protection from cold
rMut   .         Stasis   .     (no ring)
MR     .....                    (no ring)
Stlth  ++++......               (no ring)
                                (no ring)
                                (no ring)
                                (no ring)

@: not resistant to hostile enchantments, stealthy
A: almost no armour, amphibious, 8 rings, constrict 8, camouflage 1, gelatinous
body 1
a: Renounce Religion


You were on level 7 of the Dungeon.
You worshipped Vehumet.
Vehumet was most pleased with you.
You were very hungry.

You visited 1 branch of the dungeon, and saw 8 of its levels.

You collected 331 gold pieces.

Inventory:

Hand weapons
 d - a +0 dagger
 i - a +0 hunting sling
 u - a +0 short sword
 y - a +0 quarterstaff
 z - a cursed +0 falchion
 A - a +3 spear of piercing (weapon)
 I - a +0 blowgun
 J - a +0 rapier
Missiles
 h - 307 stones (quivered)
 E - a poisoned needle
Armour
 m - a +1 buckler
Jewellery
 B - a +5 ring of intelligence (left tentacle)
 L - an uncursed ring of teleportation
 M - a ring of protection from cold (right tentacle)
Magical devices
 n - a wand of magic darts (23)
 C - a wand of polymorph (13)
 G - a wand of frost (20)
 H - a wand of cold (3)
 N - a wand of disintegration (9)
Scrolls
 f - 2 scrolls of amnesia
 g - a scroll of fear
 l - 2 scrolls of enchant weapon
 o - 3 scrolls of identify
 p - 3 scrolls of random uselessness
 t - 5 scrolls of teleportation
 v - 2 scrolls of immolation {unknown}
 w - a scroll of enchant armour
 x - a scroll of fog {unknown}
 D - 2 scrolls of blinking
 K - a scroll of magic mapping {unknown}
Potions
 e - a potion of flight
 j - a potion of brilliance
 k - 2 potions of might
 q - 2 potions of heal wounds
 r - 2 potions of curing
 s - 2 potions of poison {unknown}
 F - a potion of restore abilities
Books
 a - a book of Conjurations

   Spells                             Type                      Level
   a - Magic Dart                     Conjuration                  1
   b - Searing Ray                    Conjuration                  2
   c - Dazzling Spray                 Conjuration/Hexes            3
   d - Fulminant Prism                Conjuration/Hexes            4
   e - Iskenderun's Mystic Blast      Conjuration                  4
   f - Iskenderun's Battlesphere      Conjuration/Charms           5
Comestibles
 b - 3 bread rations
 c - 3 meat rations


   Skills:
 + Level 2.7 Fighting
 + Level 4.3 Dodging
 - Level 5.0 Stealth
 - Level 6.0 Spellcasting
 - Level 8.0 Conjurations
 - Level 8.0 Charms


You had 6 spell levels left.
You knew the following spells:

 Your Spells              Type           Power        Failure   Level  Hunger
a - Magic Dart            Conj           ####         1%          1    None
b - Searing Ray           Conj           #####.       1%          2    None
c - Dazzling Spray        Conj/Hex       ####....     1%          3    None
d - Iskenderun's Battles  Conj/Chrm      #####...     2%          5    #####..
e - Ignite Poison         Fire/Trmt/Pois #.......     5%          3    None


Dungeon Overview and Level Annotations

Branches:
Dungeon (8/15)             Temple (0/1) D:4
   Lair: D:8-11

Altars:
Cheibriados
Dithmenos
Elyvilon
Nemelex Xobeh
Vehumet
Zin

Shops:
D:4 :   D:5 (   D:6 :

Annotations:
D:5 exclusions: phantom and 3 more exclusions, Grinder
D:7 exclusions: centaur and 3 killer bees


Innate Abilities, Weirdness & Mutations

You cannot wear most types of armour.
You are amphibious.
You can wear up to eight rings at the same time.
You can use your tentacles to constrict eight enemies at once.
Your skin changes colour to match your surroundings (Stealth).
Your rubbery body absorbs attacks (AC +1).


Message History

The magic dart hits the hill giant.
The hill giant is severely wounded.
Your battlesphere fires!
The barrage of energy hits the hill giant.
The hill giant is severely wounded.
Your battlesphere expends the last of its energy and dissipates.
The hill giant closely misses you.
The hill giant hits you with a giant club!!
Read which item? (? for menu, Esc to quit)
Okay, then.
Casting: Magic Dart
Confirm with . or Enter, or press ? or * to list all spells.
Aiming: Dazzling Spray
Press: ? - help, Shift-Dir - straight line, f/p - hill giant
Aim: a hill giant, wielding a giant club (severely wounded)
The spray of energy hits the hill giant.
The hill giant is almost dead.
The hill giant hits you with a giant club!!
Ouch! That really hurt!
You die...

## ##...## ### .######..##.##
###.# #.##......##.######..##
#.........##.>..#...##
#..#..............###
#..##..............##
..###...............# ..
..###...........C...## #...
...##...........@....# #....
#...#..<###..........##
#....y
##.....####...........##
##....#
##....###.............###?..#
#)..###...................#
#.[.##...................##
#................#####..##
#........#......## ##.##
#........#.....## #..## #


You could see a hill giant.

Vanquished Creatures
  2 hippogriffs
  Edmund (D:4)
  Duvessa (D:7)
  A water moccasin (D:7)
  3 phantoms
  3 orc warriors
  2 centaurs
  An ogre (D:6)
  6 giant frogs
  Dowan (D:7)
  2 scorpions
  4 wights (D:8)
  A water moccasin skeleton (D:7)
  2 crimson imps
  2 giant frog zombies
  3 hounds
  A centaur skeleton (D:4)
  2 jellies
  6 orc wizards
  8 worker ants
  An iguana (D:4)
  11 gnolls
  10 adders
  A shadow imp (D:5)
  An ooze (D:3)
  2 worms
  A giant gecko (D:2)
  18 orcs
  13 bats
  7 giant cockroaches
  15 hobgoblins
  11 jackals
  4 quokkas
  A ball python (D:4)
  3 giant newts
  16 goblins
  14 kobolds
  8 rats
189 creatures vanquished.

Vanquished Creatures (others)
  An orc (D:7)
1 creature vanquished.

Grand Total: 190 creatures vanquished

Notes
Turn   | Place    | Note
--------------------------------------------------------------
     0 | D:1      | Zwobot, the Octopode Conjurer, began the quest for the Orb.
     0 | D:1      | Reached XP level 1. HP: 11/11 MP: 3/3
   345 | D:1      | Reached XP level 2. HP: 17/17 MP: 0/5
   937 | D:1      | Reached XP level 3. HP: 19/21 MP: 6/6
   941 | D:1      | Learned a level 2 spell: Searing Ray
   945 | D:1      | Learned a level 3 spell: Dazzling Spray
  1125 | D:1      | Reached skill level 5 in Conjurations
  1453 | D:2      | Found a sparkling altar of Nemelex Xobeh.
  1790 | D:2      | Found a glowing silver altar of Zin.
  1919 | D:2      | Found a radiant altar of Vehumet.
  1972 | D:2      | Became a worshipper of Vehumet
  2039 | D:3      | Reached XP level 4. HP: 24/27 MP: 7/7
  2235 | D:3      | Reached skill level 1 in Fighting
  2779 | D:3      | Reached XP level 5. HP: 17/33 MP: 3/8
  3830 | D:3      | Reached skill level 5 in Stealth
  3888 | D:3      | Reached XP level 6. HP: 29/38 MP: 6/10
  3992 | D:5      | Entered Level 5 of the Dungeon
  4016 | D:4      | Learned a level 5 spell: Iskenderun's Battlesphere
  4026 | D:4      | Found Beupopiy's Book Shoppe.
  4124 | D:4      | Reached skill level 1 in Charms
  4265 | D:4      | Found a staircase to the Ecumenical Temple.
  4502 | D:4      | Reached XP level 7. HP: 43/43 MP: 6/11
  4518 | D:4      | Acquired Vehumet's first power
  4518 | D:4      | Offered knowledge of Sandblast by Vehumet.
  4751 | D:4      | Found a white marble altar of Elyvilon.
  4771 | D:4      | Noticed Edmund
  4851 | D:4      | Killed Edmund
  5264 | D:5      | Noticed Grinder
  5719 | D:5      | Found Desuso Huaha's Weapon Emporium.
  5933 | D:6      | Reached skill level 6 in Conjurations
  6143 | D:6      | Found a snail-covered altar of Cheibriados.
  6166 | D:6      | Offered knowledge of Flame Tongue by Vehumet.
  6173 | D:6      | Reached skill level 5 in Charms
  6252 | D:6      | Noticed a hippogriff
  6329 | D:6      | Killed a hippogriff
  6329 | D:6      | Reached XP level 8. HP: 45/48 MP: 0/12
  6929 | D:6      | Found a shadowy altar of Dithmenos.
  7064 | D:6      | Reached skill level 7 in Conjurations
  7314 | D:6      | Found Uptaisedgh's Book Boutique.
  7931 | D:7      | Noticed Dowan
  8132 | D:7      | Reached XP level 9. HP: 53/53 MP: 4/13
  8511 | D:7      | Reached skill level 8 in Conjurations
  8696 | D:7      | Offered knowledge of Ignite Poison by Vehumet.
  8788 | D:7      | Learned a level 3 spell: Ignite Poison
  9212 | D:7      | Noticed Duvessa
  9218 | D:7      | Killed Duvessa
  9374 | D:7      | Killed Dowan
  9374 | D:7      | Reached skill level 5 in Spellcasting
  9872 | D:7      | Acquired Vehumet's second power
 11061 | D:7      | Noticed a hill giant
 11073 | D:7      | Slain by a hill giant

Action                   |  1- 3 |  4- 6 |  7- 9 || total
-------------------------+-------+-------+-------++-------
Melee: Dagger            |    26 |    33 |       ||    59
       Spear             |       |     3 |    52 ||    55
Throw: Tomahawk          |       |     4 |       ||     4
       Stone             |       |     3 |       ||     3
 Cast: Magic Dart        |    51 |    94 |   202 ||   347
       Searing Ray       |       |     8 |    23 ||    31
       Dazzling Spray    |       |       |     8 ||     8
       Iskenderun's Batt |       |       |    23 ||    23
Evoke: Wand              |       |       |     1 ||     1
  Use: Scroll            |     6 |       |    13 ||    19
       Potion            |       |     1 |     2 ||     3
 Stab: Sleeping          |     5 |     3 |     9 ||    17
  Eat: Chunk             |     4 |     6 |    17 ||    27
       Beef jerky        |       |     1 |     2 ||     3
       Bread ration      |       |     1 |     1 ||     2
